[Event "Titled Tuesday Blitz May 25 2021"]
[White "Ronka, Erik"]
[Black "Gracia Alvarez, Gerardo Antonio"]
[WhiteFideId "505080"]
[BlackFideId "5109124"]
[WhiteElo "2264"]
[BlackElo "2148"]
[Result "1-0"]
[Round "09"]
[TimeControl "180+1"]
[Date "2021.05.25"]
[WhiteClock "0:00:38"]
[BlackClock "0:00:01"]

1. d4 Nf6 2. c4 c5 3. d5 b5 4. cxb5 a6 5. f3 axb5 6. e4 e6 7. dxe6 fxe6 8. Bxb5 Qa5+ 9. Nc3 Ba6 10. Bxa6 Qxa6 11. Nge2 Nc6 12. O-O Be7 13. Bf4 Rd8 14. Bc7 Rc8 15. Bd6 O-O 16. e5 Nd5 17. Nxd5 Bxd6 18. exd6 exd5 19. Qxd5+ Kh8 20. Nc3 Nd4 21. Ne4 Rf5 22. Nxc5 Ne2+ 23. Kh1 Rxc5 24. Qe4 Rce5 25. Qh4 Qb6 26. Rae1 Rh5 27. Qg4 Rhg5 28. Rxe2 Rxg4 29. Rxe5 h5 30. fxg4 Qxb2 31. Rxh5+ Kg8 32. Rhf5 Qxa2 33. Rf7 1-0


[Site "https://www.chess.com"]

[Event "Titled Tuesday Blitz May 25 2021"]
[White "Sadhwani, Raunak"]
[Black "Xiong, Jeffery"]
[WhiteFideId "35093487"]
[BlackFideId "2047640"]
[WhiteElo "2514"]
[BlackElo "2724"]
[Result "0-1"]
[Round "09"]
[TimeControl "180+1"]
[Date "2021.05.25"]
[WhiteClock "0:00:14"]
[BlackClock "0:01:04"]

1. d4 Nf6 2. Nf3 c5 3. c3 Qa5 4. dxc5 Qxc5 5. g3 b6 6. Bg2 Bb7 7. O-O g6 8. a4 Bg7 9. a5 O-O 10. Nbd2 Qc8 11. Nb3 d6 12. axb6 axb6 13. Rxa8 Bxa8 14. Be3 Nbd7 15. Nbd4 Nd5 16. Bd2 Nc5 17. Qc1 e5 18. Nb5 Qd7 19. c4 Nc7 20. Nxc7 Qxc7 21. Be3 Rc8 22. Rd1 Ne6 23. b3 d5 24. cxd5 Qxc1 25. Rxc1 Rxc1+ 26. Bxc1 Bxd5 27. Nd2 Bxg2 28. Kxg2 b5 29. e3 f5 30. f3 Kf7 31. Kf1 Nc5 32. Ke2 Ke6 33. Ba3 Kd5 34. Bb4 Nxb3 35. e4+ fxe4 36. Nxe4 Kc4 37. Bc3 Nd4+ 38. Kf2 b4 39. Bb2 Kd3 0-1


[Site "https://www.chess.com"]

[Event "Titled Tuesday Blitz May 25 2021"]
[White "Salem, A.R. Saleh"]
[Black "Petriashvili, Nikoloz"]
[WhiteFideId "9301348"]
[BlackFideId "13611216"]
[WhiteElo "2659"]
[BlackElo "2430"]
[Result "1-0"]
[Round "09"]
[TimeControl "180+1"]
[Date "2021.05.25"]
[WhiteClock "0:00:10"]
[BlackClock "0:00:11"]

1. d4 Nf6 2. c4 g6 3. Nc3 d5 4. cxd5 Nxd5 5. e4 Nxc3 6. bxc3 c5 7. Bc4 Bg7 8. Ne2 O-O 9. Be3 Nc6 10. Rc1 b6 11. h4 h5 12. Qd2 Bb7 13. g4 Na5 14. Bd3 cxd4 15. cxd4 e5 16. gxh5 exd4 17. Bg5 Qe8 18. h6 Bh8 19. h7+ Kxh7 20. h5 Kg8 21. hxg6 fxg6 22. Rc7 Rf7 23. Rxh8+ Kxh8 24. Bf6+ Kh7 25. Qg5 Rxc7 26. e5 Rg7 27. Nf4 Rc8 28. Nxg6 Kg8 29. Qh6 Rh7 30. Qg5 Rg7 31. Bxg7 Kxg7 32. Qf6+ Kg8 33. Ne7+ Qxe7 34. Qxe7 Rc3 35. Bg6 Bd5 36. e6 Bxe6 37. Qxe6+ Kg7 38. Bf5 Rc5 39. Qe7+ Kg8 40. Be6+ Kh8 41. Qf8+ Kh7 42. Bf5+ Rxf5 43. Qxf5+ Kg7 44. Qd7+ Kf6 45. Qxd4+ Ke6 46. f4 Nc6 47. f5+ Kxf5 48. Qd7+ Ke5 49. Qxc6 Kd4 50. Kd2 1-0


[Site "https://www.chess.com"]

[Event "Titled Tuesday Blitz May 25 2021"]
[White "Samadov, Read"]
[Black "Song, Julien"]
[WhiteFideId "13417444"]
[BlackFideId "659487"]
[WhiteElo "2084"]
[BlackElo "2225"]
[Result "1-0"]
[Round "09"]
[TimeControl "180+1"]
[Date "2021.05.25"]
[WhiteClock "0:00:37"]
[BlackClock "0:00:30"]

1. d4 d5 2. Nf3 Nf6 3. c4 dxc4 4. e3 e6 5. Bxc4 c5 6. O-O Nc6 7. Qe2 a6 8. a4 cxd4 9. Rd1 Be7 10. exd4 O-O 11. Nc3 Nb4 12. Ne5 b6 13. Bg5 Bb7 14. Rac1 Nfd5 15. Bd2 Bf6 16. Ne4 Be7 17. Qe1 Rc8 18. Qe2 Qe8 19. Bb3 Rxc1 20. Rxc1 Qa8 21. a5 bxa5 22. Nc5 Rc8 23. h4 Bxc5 24. dxc5 Nf6 25. Nxf7 Kxf7 26. Qxe6+ Kg6 27. h5+ Kxh5 28. Qf5+ Kh4 29. Qg5# 1-0


[Site "https://www.chess.com"]

[Event "Titled Tuesday Blitz May 25 2021"]
[White "Samsonkin, Artiom"]
[Black "Karttunen, Mika"]
[WhiteFideId "13503111"]
[BlackFideId "502081"]
[WhiteElo "2513"]
[BlackElo "2343"]
[Result "1-0"]
[Round "09"]
[TimeControl "180+1"]
[Date "2021.05.25"]
[WhiteClock "0:00:32"]
[BlackClock "0:00:35"]

1. e4 e5 2. Nf3 Nc6 3. d4 exd4 4. Bc4 Bc5 5. Ng5 Ne5 6. Nxf7 Qf6 7. Nxh8 Ne7 8. O-O g6 9. Bb3 d5 10. Bxd5 Bg4 11. f3 d3+ 12. Kh1 Bd7 13. Nc3 c6 14. Bb3 O-O-O 15. cxd3 Qxh8 16. d4 Be8 17. Be3 h6 18. Be6+ Kb8 19. Qa4 Bb6 20. Qa3 Nc8 21. Bxc8 Kxc8 22. dxe5 Bxe3 23. Rad1 Qxe5 24. Rxd8+ Kxd8 25. Rd1+ Kc7 26. Nd5+ cxd5 27. Qxe3 Bc6 28. Qd4 1-0


[Site "https://www.chess.com"]

[Event "Titled Tuesday Blitz May 25 2021"]
[White "Sanchez Alvares, Kelvin Antonio"]
[Black "Timmermans, Mark"]
[WhiteFideId "3906680"]
[BlackFideId "1026399"]
[WhiteElo "2568"]
[BlackElo "2780"]
[Result "0-1"]
[Round "09"]
[TimeControl "180+1"]
[Date "2021.05.25"]
[WhiteClock "0:00:14"]
[BlackClock "0:00:19"]

1. e4 e5 2. Nf3 Nc6 3. Bb5 f5 4. d3 fxe4 5. dxe4 Nf6 6. Nc3 Bb4 7. O-O Bxc3 8. bxc3 d6 9. Bg5 O-O 10. Bc4+ Kh8 11. Nh4 Qe8 12. Qe2 Bg4 13. f3 Bd7 14. g4 Na5 15. Bd3 b6 16. Ng2 Qg6 17. h4 h5 18. Ne3 Nb7 19. Nf5 Nc5 20. Rf2 Ne6 21. Ne7 Qf7 22. Nf5 Nh7 23. Be3 g6 24. Nh6 Qe7 25. g5 Nf4 26. Bxf4 Rxf4 27. Rh2 Nxg5 28. hxg5 Qxg5+ 29. Kh1 Qxh6 30. Rg1 Raf8 31. Rg3 h4 32. Qg2 R8f6 33. Be2 Kg7 34. Rg5 Be6 35. Qg1 Kf7 36. Rhg2 h3 37. R2g3 Rh4 38. Kh2 Rh5 39. R5g4 Bxg4 40. fxg4 Qd2 41. gxh5 Qxe2+ 42. Kxh3 Qxh5+ 43. Kg2 Qe2+ 44. Kh3 Qxe4 45. Rg4 Rf3+ 46. Kh4 Qf5 47. Rg5 Qh3# 0-1


[Site "https://www.chess.com"]

[Event "Titled Tuesday Blitz May 25 2021"]
[White "Sarana, Alexey"]
[Black "Jones, Gawain C B"]
[WhiteFideId "24133795"]
[BlackFideId "409561"]
[WhiteElo "2629"]
[BlackElo "2657"]
[Result "1-0"]
[Round "09"]
[TimeControl "180+1"]
[Date "2021.05.25"]
[WhiteClock "0:00:42"]
[BlackClock "0:00:05"]

1. d4 Nf6 2. c4 g6 3. Nc3 Bg7 4. e4 d6 5. Be2 O-O 6. Be3 e5 7. d5 Na6 8. g4 Nc5 9. f3 h5 10. g5 Nh7 11. h4 f6 12. Qd2 fxg5 13. hxg5 Bd7 14. Nh3 Qe7 15. O-O-O Na4 16. Nb5 Be8 17. Kb1 a6 18. Nc3 b6 19. Rhg1 Bd7 20. Nf2 Rf7 21. Nd3 Nxc3+ 22. Qxc3 a5 23. b3 Qd8 24. Kb2 Bf8 25. Rg3 h4 26. Rg2 a4 27. b4 a3+ 28. Kc1 Be7 29. Rdg1 h3 30. Rg3 Bxg5 31. Bxg5 Nxg5 32. Qd2 Nh7 33. Qh6 Qf8 34. Rxg6+ Kh8 35. Qh4 Rf6 36. f4 Rxg6 37. Rxg6 Qf7 38. f5 Rg8 39. Bh5 Rxg6 40. Bxg6 Qg7 41. Qxh3 Kg8 42. Qxh7+ Qxh7 43. Bxh7+ Kxh7 44. b5 Be8 45. Kd2 Bh5 46. Nb4 Bf3 47. Kd3 Bd1 48. Nc2 Kg7 49. Nxa3 Kf6 50. Nc2 Kg5 51. Kd2 Bf3 52. Ke3 Bd1 53. Nb4 Bh5 54. Na6 Kf6 55. Nxc7 Ke7 56. Na8 Bd1 57. Nxb6 Bc2 58. a4 Kd8 59. a5 Kc7 60. f6 Kd8 61. a6 1-0


[Site "https://www.chess.com"]

[Event "Titled Tuesday Blitz May 25 2021"]
[White "Shapiro, David"]
[Black "Golubev, Mikhail"]
[WhiteFideId "24133523"]
[BlackFideId "14100983"]
[WhiteElo "2261"]
[BlackElo "2374"]
[Result "1/2-1/2"]
[Round "09"]
[TimeControl "180+1"]
[Date "2021.05.25"]
[WhiteClock "0:00:06"]
[BlackClock "0:00:06"]

1. d4 Nf6 2. Bf4 c5 3. e3 Qb6 4. Nc3 a6 5. a3 cxd4 6. exd4 d5 7. Nf3 Nc6 8. Be2 Bg4 9. Na4 Qa5+ 10. c3 e6 11. b4 Qd8 12. Ne5 Bxe2 13. Qxe2 Nxe5 14. Bxe5 Ne4 15. f3 Nd6 16. Nc5 b5 17. Bxd6 Qxd6 18. O-O Be7 19. f4 g6 20. g4 O-O 21. f5 exf5 22. gxf5 Bg5 23. Qg2 Be3+ 24. Kh1 Rae8 25. Rae1 Bh6 26. fxg6 hxg6 27. Nd3 Rxe1 28. Rxe1 Kg7 29. Re5 Rh8 30. Qxd5 Qxd5+ 31. Rxd5 Bd2 32. Rc5 Rh3 33. Ne5 Rxc3 34. Rxc3 Bxc3 35. Nc6 Bb2 36. d5 Kf8 37. Nb8 Ke7 38. Nxa6 Bxa3 39. Nc7 Bxb4 40. Nxb5 Bd6 41. Kg2 Be5 42. h3 f5 43. Kf2 g5 44. Kf3 g4+ 45. hxg4 fxg4+ 46. Kxg4 Kf7 47. Kf5 Bb8 48. Nd4 Ke8 49. Nc6 Bc7 50. Ke6 Bf4 51. Nd4 Bh2 52. Nf5 Bf4 53. Nd6+ Kd8 54. Nf7+ Kc7 55. Ke7 Bg3 56. Ke6 Bh2 57. Nh6 Bg3 58. Nf5 Bh2 59. Nd4 Bf4 60. Nb5+ Kb6 61. Nd6 Kc7 62. Nf7 Bh2 63. Ke7 Bg3 64. Ke6 Bh2 1/2-1/2


[Site "https://www.chess.com"]

[Event "Titled Tuesday Blitz May 25 2021"]
[White "Shapkin, Anatoliy"]
[Black "Indjic, Aleksandar"]
[WhiteFideId "34108332"]
[BlackFideId "911925"]
[WhiteElo "2223"]
[BlackElo "2643"]
[Result "0-1"]
[Round "09"]
[TimeControl "180+1"]
[Date "2021.05.25"]
[WhiteClock "0:00:07"]
[BlackClock "0:00:52"]

1. d4 Nf6 2. c4 c5 3. d5 e6 4. Nc3 exd5 5. cxd5 d6 6. Nf3 g6 7. g3 Bg7 8. Bg2 O-O 9. O-O Re8 10. Nd2 Nbd7 11. a4 a6 12. h3 Nh5 13. e4 Ne5 14. f4 Nd3 15. Nc4 Nxc1 16. Kh2 Rb8 17. Qxc1 b5 18. axb5 axb5 19. Na5 Ra8 20. Nc6 Rxa1 21. Qxa1 Qb6 22. g4 Nf6 23. e5 dxe5 24. fxe5 Nd7 25. e6 Ne5 26. exf7+ Nxf7 27. d6 Nxd6 28. Nd5 Qb7 29. Nce7+ Rxe7 30. Nf6+ Bxf6 31. Bxb7 Be5+ 32. Kg1 Bxb7 33. Qa7 Bd4+ 34. Kh2 g5 35. Qb8+ Re8 36. Qc7 Re2+ 0-1


[Site "https://www.chess.com"]

[Event "Titled Tuesday Blitz May 25 2021"]
[White "Shtyka, Sergey"]
[Black "Ambartsumova, Karina"]
[WhiteFideId "4138465"]
[BlackFideId "4166299"]
[WhiteElo "2102"]
[BlackElo "2262"]
[Result "1/2-1/2"]
[Round "09"]
[TimeControl "180+1"]
[Date "2021.05.25"]
[WhiteClock "0:00:16"]
[BlackClock "0:00:08"]

1. e4 c5 2. Nf3 e6 3. d4 cxd4 4. Nxd4 a6 5. Nc3 Qc7 6. Bd3 Nf6 7. O-O Nc6 8. Be3 Ne5 9. h3 d6 10. f4 Nc4 11. Bxc4 Qxc4 12. Qd3 Qxd3 13. cxd3 Bd7 14. Rac1 Be7 15. Rc2 O-O 16. Rfc1 Rfc8 17. Nce2 Rxc2 18. Rxc2 Rc8 19. Rxc8+ Bxc8 20. g4 Nd7 21. b4 h6 22. a3 Bd8 23. Kf2 Kf8 24. Nb3 Ke7 25. Nc3 b5 26. Nd4 Bb7 27. Nce2 g6 28. Nc3 Bb6 29. Nf3 f5 30. Bxb6 Nxb6 31. gxf5 gxf5 32. exf5 exf5 33. Nd4 Kf6 34. Ke3 Nd7 35. Nce2 Nb6 36. Nc3 Nc8 37. a4 bxa4 38. Nxa4 Ne7 39. Nc3 Kg6 40. b5 a5 41. b6 Kf6 42. Ndb5 Nc8 43. Kd4 Nxb6 44. Nxd6 Bc6 45. Kc5 Na4+ 46. Nxa4 Bxa4 47. Nb7 Bc2 48. Nxa5 Bxd3 49. Kd4 Bf1 50. h4 Kg6 51. Nc6 Kh5 52. Ke5 Bd3 53. Ne7 Kg4 54. Ng6 h5 55. Ne7 Bb1 56. Ng6 Bc2 57. Ne7 Bb1 58. Ng6 Be4 59. Ne7 Bd3 60. Ng6 Bb1 61. Ne7 Kxh4 62. Nxf5+ Bxf5 63. Kxf5 Kg3 64. Kg5 h4 65. f5 h3 66. f6 h2 67. f7 h1=Q 68. f8=Q Qh4+ 69. Kg6 Qe4+ 70. Qf5 Qxf5+ 71. Kxf5 1/2-1/2


[Site "https://www.chess.com"]

[Event "Titled Tuesday Blitz May 25 2021"]
[White "Solon, Nathan"]
[Black "Noboa Silva, Kevin"]
[WhiteFideId "2017229"]
[BlackFideId "3618471"]
[WhiteElo "2621"]
[BlackElo "2161"]
[Result "0-1"]
[Round "09"]
[TimeControl "180+1"]
[Date "2021.05.25"]
[WhiteClock "0:00:06"]
[BlackClock "0:00:15"]

1. d4 Nf6 2. c4 g6 3. g3 Bg7 4. Bg2 d5 5. cxd5 Nxd5 6. e4 Nb6 7. Ne2 c5 8. d5 e6 9. O-O exd5 10. exd5 O-O 11. Nec3 Bf5 12. a4 Na6 13. Na3 Nb4 14. Ne4 Bd4 15. Bg5 f6 16. Bh6 Re8 17. Re1 Bxb2 18. Nb5 N6xd5 19. Nbd6 Re6 20. Rb1 Bd4 21. Nxf5 gxf5 22. Nd2 Qe7 23. Rxe6 Qxe6 24. Qb3 Re8 25. Nf3 Bc3 26. h4 Qe2 27. Rc1 c4 28. Qb1 Qe4 29. Qxe4 fxe4 30. Nh2 f5 31. g4 Nd3 32. Rb1 N5b4 33. gxf5 Bd4 34. Ng4 c3 35. f6 c2 36. Rf1 Kf7 0-1


[Site "https://www.chess.com"]

[Event "Titled Tuesday Blitz May 25 2021"]
[White "Spata, German"]
[Black "Rozen, Eytan"]
[WhiteFideId "113026"]
[BlackFideId "2816750"]
[WhiteElo "2533"]
[BlackElo "2674"]
[Result "1-0"]
[Round "09"]
[TimeControl "180+1"]
[Date "2021.05.25"]
[WhiteClock "0:01:06"]
[BlackClock "0:00:05"]

1. d4 d5 2. Bf4 Nf6 3. e3 c5 4. c3 Nc6 5. Nd2 cxd4 6. exd4 Bf5 7. Ngf3 e6 8. Nh4 Be4 9. Qb3 Qd7 10. Nxe4 Nxe4 11. Nf3 Bd6 12. Bxd6 Qxd6 13. Bd3 O-O 14. O-O f5 15. Rad1 a6 16. Rfe1 b5 17. Qc2 Rac8 18. Qe2 Rb8 19. a3 Rfc8 20. Nd2 Na5 21. f3 Nxd2 22. Rxd2 Re8 23. Qf2 Nc4 24. Rde2 Rb6 25. Bxf5 Qd7 26. Qh4 Qf7 27. Qxh7+ Kf8 28. Bg6 Qd7 29. Qh8+ Ke7 30. Qxe8+ Qxe8 31. Bxe8 Kxe8 32. Rxe6+ Kd7 33. Rxb6 Nxb6 34. b3 Kd6 35. h4 Nd7 36. g4 Nf6 37. h5 Kd7 38. Kg2 Kd6 39. Kg3 Kd7 40. Kf4 Kd6 41. Kg5 1-0


[Site "https://www.chess.com"]

[Event "Titled Tuesday Blitz May 25 2021"]
[White "Spyropoulos, Nikolaos"]
[Black "Polok, Kacper"]
[WhiteFideId "4298977"]
[BlackFideId "1137158"]
[WhiteElo "2159"]
[BlackElo "2196"]
[Result "1-0"]
[Round "09"]
[TimeControl "180+1"]
[Date "2021.05.25"]
[WhiteClock "0:00:33"]
[BlackClock "0:00:02"]

1. e4 e6 2. d4 d5 3. Nc3 Nf6 4. Bg5 Bb4 5. e5 h6 6. Be3 Ne4 7. Qg4 g6 8. Bd3 Bxc3+ 9. bxc3 h5 10. Qf4 Nxc3 11. Nf3 c5 12. dxc5 Nc6 13. O-O Bd7 14. Bd4 Nxd4 15. Qxd4 Nb5 16. Qf4 Qe7 17. Rab1 Qxc5 18. a4 Nc3 19. Rxb7 O-O-O 20. Rb3 Kc7 21. Qxf7 Rdf8 22. Qxg6 h4 23. h3 Rhg8 24. Qh5 Bxa4 25. Rxc3 Qxc3 26. Ng5 Qxe5 27. f4 Qe3+ 28. Kh1 Bc6 29. Qh6 d4 30. Ra1 Qg3 31. Qh7+ Kd6 32. Be4 Rxg5 33. Bxc6 Rg6 34. Qd7+ Kc5 35. Ra5+ Kc4 36. Bd5+ Kc3 37. Ra3+ Kd2 38. Rxg3 hxg3 39. Bf3 Rxf4 40. Qxa7 Rgf6 41. Qa3 e5 42. Qd3+ Kc1 43. c3 dxc3 44. Qxc3+ Kb1 45. Qxe5 Rf8 46. Qe1+ Kb2 47. Qxg3 Rc4 48. Qg7+ 1-0


[Site "https://www.chess.com"]

[Event "Titled Tuesday Blitz May 25 2021"]
[White "Srihari L R"]
[Black "zmeeed67"]
[WhiteFideId "46617116"]
[WhiteElo "2727"]
[BlackElo "2621"]
[Result "0-1"]
[Round "09"]
[TimeControl "180+1"]
[Date "2021.05.25"]
[WhiteClock "0:00:02"]
[BlackClock "0:00:04"]

1. d4 d5 2. c4 e6 3. Nc3 c6 4. Nf3 Nf6 5. Bg5 dxc4 6. a4 Bb4 7. e3 b5 8. Ne5 Bb7 9. Qf3 a6 10. Be2 h6 11. Bh4 Qd5 12. Qf4 Qe4 13. Bh5 Rf8 14. Qxe4 Nxe4 15. O-O-O Nxc3 16. bxc3 Bxc3 17. Kc2 Ba5 18. f4 Nd7 19. f5 exf5 20. Nxf7 Rxf7 21. Rhf1 Nf6 22. Bxf6 gxf6 23. Rxf5 Ke7 24. Bxf7 Kxf7 25. Rdf1 Bd8 26. e4 Bc8 27. R5f4 Kg6 28. e5 fxe5 29. dxe5 Bg5 30. Rf8 Bb7 31. Rxa8 Bxa8 32. axb5 cxb5 33. h4 Bxh4 34. g3 Be4+ 35. Kc3 Bg5 36. e6 Bd5 37. e7 Bxe7 38. Kd4 Bf7 39. Ke5 Bf6+ 40. Rxf6+ Kg7 41. Rxa6 c3 42. Kd4 b4 43. Rb6 c2 44. Rc6 b3 0-1


[Site "https://www.chess.com"]

[Event "Titled Tuesday Blitz May 25 2021"]
[White "Starozhilov, Leonid"]
[Black "Yoo, Christopher Woojin"]
[WhiteFideId "14106752"]
[BlackFideId "30909694"]
[WhiteElo "2411"]
[BlackElo "2009"]
[Result "0-1"]
[Round "09"]
[TimeControl "180+1"]
[Date "2021.05.25"]
[WhiteClock "0:00:07"]
[BlackClock "0:00:51"]

1. b3 b6 2. Bb2 Bb7 3. e3 e6 4. Nf3 Nf6 5. Be2 Be7 6. O-O O-O 7. c4 c5 8. d4 cxd4 9. Nxd4 Nc6 10. Nc3 Nxd4 11. Qxd4 Bc5 12. Qh4 Be7 13. Rad1 a6 14. Qg3 Qb8 15. Bf3 Qxg3 16. hxg3 Rab8 17. Ne2 Rfd8 18. Be5 d6 19. Bb2 b5 20. cxb5 axb5 21. Nd4 d5 22. Nxb5 Ba6 23. a4 Bxb5 24. axb5 Rxb5 25. Rd3 Nd7 26. Bd4 e5 27. Ba1 e4 28. Bxe4 dxe4 29. Rd4 Nc5 30. Rfd1 Rxd4 31. Rxd4 Rxb3 32. Kh2 h6 33. Rc4 Ra3 34. Bd4 Nd3 35. f3 exf3 36. gxf3 Ne1 37. Rc8+ Kh7 38. f4 Nf3+ 39. Kg2 Nxd4 40. exd4 Rd3 41. Rc5 Bxc5 0-1


[Site "https://www.chess.com"]

[Event "Titled Tuesday Blitz May 25 2021"]
[White "Stoleriu, George"]
[Black "Grochal, Joey"]
[WhiteFideId "1227505"]
[BlackFideId "1019945"]
[WhiteElo "2227"]
[BlackElo "2265"]
[Result "1-0"]
[Round "09"]
[TimeControl "180+1"]
[Date "2021.05.25"]
[WhiteClock "0:00:06"]
[BlackClock "0:00:04"]

1. e4 c5 2. Nf3 e6 3. b3 Nc6 4. Bb2 d6 5. Bb5 Bd7 6. O-O Nf6 7. Re1 Be7 8. d4 Nxd4 9. Nxd4 cxd4 10. Bxd7+ Qxd7 11. Qxd4 O-O 12. c4 Ne8 13. Nc3 Qc6 14. Rad1 Bf6 15. Qd2 a6 16. a4 Rd8 17. a5 b5 18. cxb5 axb5 19. Rc1 Qb7 20. b4 Nc7 21. Ne2 Bxb2 22. Qxb2 d5 23. Nd4 dxe4 24. Nc6 Rd6 25. Ne7+ Kh8 26. Qe5 Rd7 27. Nc6 f5 28. Qb2 Rd6 29. Ne5 Nd5 30. Red1 Kg8 31. h3 Rc8 32. Rxc8+ Qxc8 33. Rc1 Qb7 34. Rc5 Nf4 35. Kh2 e3 36. f3 e2 37. Rc1 Qb8 38. Qc3 Nd3 39. Qc8+ Rd8 40. Qxb8 Rxb8 41. Nxd3 Rd8 42. Nf2 Kf7 43. Re1 Rd2 44. Kg3 Rb2 45. f4 Rb3+ 46. Kh2 Rb2 47. Nd3 Rd2 48. Ne5+ Kf6 49. a6 Ra2 50. a7 Rxa7 51. Rxe2 Ra1 52. Rd2 Rb1 53. Rd7 1-0


[Site "https://www.chess.com"]

[Event "Titled Tuesday Blitz May 25 2021"]
[White "Tarasova, Viktoriya"]
[Black "Babiy, Olga"]
[WhiteFideId "4175840"]
[BlackFideId "14117258"]
[WhiteElo "2182"]
[BlackElo "2213"]
[Result "1-0"]
[Round "09"]
[TimeControl "180+1"]
[Date "2021.05.25"]
[WhiteClock "0:00:14"]
[BlackClock "0:00:02"]

1. d4 Nf6 2. c4 e6 3. Nc3 Bb4 4. Nf3 c5 5. g3 cxd4 6. Nxd4 Nc6 7. Bg2 O-O 8. O-O Ne5 9. Qb3 Bc5 10. Nf3 Nc6 11. a3 a6 12. Qc2 Qc7 13. b4 Ba7 14. Bf4 d6 15. Rfd1 e5 16. Bg5 Ng4 17. Nd5 Qd7 18. Rf1 f6 19. Bd2 f5 20. e3 e4 21. Ne1 Nge5 22. b5 Ne7 23. Nxe7+ Qxe7 24. bxa6 bxa6 25. f4 exf3 26. Nxf3 Ng4 27. Nd4 Nxe3 28. Bxe3 Qxe3+ 29. Kh1 Bxd4 30. Rae1 Qc3 31. Qxc3 Bxc3 32. Bxa8 Bxe1 33. Bd5+ Kh8 34. Rxe1 h6 35. Kg2 Kh7 36. Kf3 a5 37. Re7 Kg6 38. Ra7 Kf6 39. Rxa5 Ke5 40. Ra7 g5 41. Re7+ Kd4 42. a4 Ba6 43. Rc7 Re8 44. Rc6 Bb7 45. Rxd6 Bxd5+ 46. Rxd5+ Kxc4 47. Rd6 Ra8 48. Rxh6 Rxa4 49. Rf6 Ra3+ 50. Kg2 Ra2+ 51. Kg1 Kd3 52. Rxf5 g4 53. Rf4 Ra1+ 54. Rf1 Ra2 55. Rf2 Ra1+ 56. Kg2 Ke3 57. Rb2 Ra3 58. Rc2 Rd3 59. Rb2 Ra3 60. h3 1-0


[Site "https://www.chess.com"]

[Event "Titled Tuesday Blitz May 25 2021"]
[White "Tregubov, Pavel V."]
[Black "Niraj, Saripalli"]
[WhiteFideId "4115341"]
[BlackFideId "5045657"]
[WhiteElo "2423"]
[BlackElo "2113"]
[Result "0-1"]
[Round "09"]
[TimeControl "180+1"]
[Date "2021.05.25"]
[WhiteClock "0:01:31"]
[BlackClock "0:01:29"]

1. e4 e5 2. Nf3 Nc6 3. Bb5 Nge7 4. O-O a6 5. Ba4 g6 6. d4 exd4 7. Nxd4 Bg7 8. Nxc6 Nxc6 9. Nc3 O-O 10. Be3 b5 11. Bb3 Na5 12. Qd2 Bb7 13. Bd5 Bxd5 14. Qxd5 Nc4 15. Bg5 Qe8 16. Rab1 Nxb2 17. Rxb2 Bxc3 18. Rb3 Bg7 19. Rd3 d6 20. c4 bxc4 21. Qxc4 Qb5 22. Rc1 Qxg5 0-1


[Site "https://www.chess.com"]

[Event "Titled Tuesday Blitz May 25 2021"]
[White "Turzo, Attila"]
[Black "Belenkaya, Dina"]
[WhiteFideId "704954"]
[BlackFideId "24142654"]
[WhiteElo "2496"]
[BlackElo "2247"]
[Result "0-1"]
[Round "09"]
[TimeControl "180+1"]
[Date "2021.05.25"]
[WhiteClock "0:00:23"]
[BlackClock "0:00:16"]

1. d4 d5 2. Bf4 c5 3. e3 Nc6 4. c3 Nf6 5. Nd2 Qb6 6. Qb3 c4 7. Qc2 g6 8. e4 dxe4 9. Nxc4 Qd8 10. Rd1 Be6 11. Ne3 Qa5 12. b3 Rd8 13. Nc4 Qf5 14. Be3 Nd5 15. Ne2 Qg4 16. Ng3 f5 17. Bc1 Qh4 18. Be2 Bh6 19. O-O O-O 20. f3 e3 21. Rfe1 Bf4 22. Nf1 Qf2+ 23. Kh1 g5 24. g3 Rf6 25. Bd3 Qxc2 26. Bxc2 Nxc3 27. gxf4 Nxd1 28. Bxd1 gxf4 29. Nfxe3 fxe3 30. Bxe3 Bxc4 31. bxc4 Nxd4 32. Kg2 e5 33. Kf2 Rb6 34. Bc1 Rb1 35. Ba4 Kf7 36. Rg1 Ne6 37. Bc2 Ra1 38. Bxf5 Nf4 39. Bxf4 Rxg1 40. Kxg1 exf4 41. Be4 Rd2 42. Bxb7 Rxa2 43. Bd5+ Kf6 44. c5 Rd2 45. c6 Rxd5 46. c7 Rc5 47. Kf2 Rxc7 48. Ke2 a5 49. Kd3 a4 50. Ke4 a3 0-1


[Site "https://www.chess.com"]

[Event "Titled Tuesday Blitz May 25 2021"]
[White "Urazayev, Arystanbek"]
[Black "Zhigalko, Sergei"]
[WhiteFideId "13709810"]
[BlackFideId "13502956"]
[WhiteElo "2321"]
[BlackElo "2662"]
[Result "1/2-1/2"]
[Round "09"]
[TimeControl "180+1"]
[Date "2021.05.25"]
[WhiteClock "0:00:33"]
[BlackClock "0:00:04"]

1. d4 Nf6 2. Nf3 e6 3. Bf4 d5 4. Nbd2 Bd6 5. e3 O-O 6. Bd3 b6 7. O-O Bb7 8. c3 c5 9. Re1 Nc6 10. Bxd6 Qxd6 11. Qc2 e5 12. dxe5 Nxe5 13. Nxe5 Qxe5 14. Nf3 Qe7 15. Rad1 Rad8 16. Qa4 Rd6 17. h3 Rfd8 18. Qf4 g6 19. Qh6 Qf8 20. Qxf8+ Kxf8 21. Be2 h5 22. h4 Ne4 23. Nd2 d4 24. Nxe4 Bxe4 25. exd4 cxd4 26. Bxh5 dxc3 27. Rxd6 Rxd6 28. bxc3 Bxg2 29. Kxg2 gxh5 30. Re5 Rc6 31. Rxh5 Rxc3 32. Re5 Ra3 33. Re2 Kg7 34. f3 Kg6 35. Kg3 b5 36. Rc2 f6 37. Rd2 a6 38. Rc2 Ra4 39. Rd2 Kh5 40. Rd5+ Kg6 41. Rd2 Rc4 42. Rd6 a5 43. Rb6 Rc5 44. Kg4 b4 45. Ra6 Rb5 46. Ra8 Rc5 47. Rg8+ Kf7 48. Ra8 Kg6 49. Rg8+ Kf7 50. Ra8 Kg6 1/2-1/2


[Site "https://www.chess.com"]

[Event "Titled Tuesday Blitz May 25 2021"]
[White "Vaidya, Atulya"]
[Black "Perez Gormaz, Matias"]
[WhiteFideId "2047713"]
[BlackFideId "3406342"]
[WhiteElo "2465"]
[BlackElo "2414"]
[Result "0-1"]
[Round "09"]
[TimeControl "180+1"]
[Date "2021.05.25"]
[WhiteClock "0:00:30"]
[BlackClock "0:00:07"]

1. d4 d5 2. c4 e6 3. Nc3 Bb4 4. cxd5 exd5 5. Qc2 c5 6. Nf3 Nc6 7. e3 Nf6 8. Bd3 O-O 9. a3 Bxc3+ 10. bxc3 c4 11. Be2 Ne4 12. O-O Bf5 13. Qb2 Rb8 14. Nd2 b5 15. Nxe4 Bxe4 16. f3 Bg6 17. Bd1 Re8 18. Bc2 a5 19. Bxg6 hxg6 20. Bd2 Qg5 21. e4 Qh5 22. e5 Qf5 23. Rae1 Re7 24. f4 b4 25. axb4 axb4 26. Re3 bxc3 27. Qxc3 Rb3 28. Qa1 Ra7 29. Qd1 Nxd4 30. Rxb3 Nxb3 31. Bc3 Qe4 32. Re1 Qxf4 33. Qxd5 Ra2 34. e6 fxe6 35. Qxe6+ Kh7 36. Qh3+ Qh6 37. Re7 Qxh3 38. gxh3 Rc2 39. Bxg7 g5 40. h4 gxh4 41. Bf6+ Kg6 42. Bxh4 Nd4 43. Bf2 Nf5 44. Rc7 Kg5 45. Kg2 Kg4 46. h3+ Kf4 47. Rf7 Ke4 48. Kf1 c3 49. h4 Ra2 50. Rc7 c2 51. Be1 Ne3+ 52. Kg1 Ra1 0-1


[Site "https://www.chess.com"]

[Event "Titled Tuesday Blitz May 25 2021"]
[White "Vakhlamov, Igor L."]
[Black "Hamley, Ryan"]
[WhiteFideId "24126748"]
[BlackFideId "30959497"]
[WhiteElo "2405"]
[BlackElo "2418"]
[Result "1-0"]
[Round "09"]
[TimeControl "180+1"]
[Date "2021.05.25"]
[WhiteClock "0:00:17"]
[BlackClock "0:00:04"]

1. e4 c6 2. Nc3 d5 3. Nf3 g6 4. d4 Bg7 5. h3 dxe4 6. Nxe4 Nf6 7. Bd3 O-O 8. O-O Nbd7 9. Re1 Re8 10. c3 Qc7 11. Bg5 b6 12. Qb3 Bb7 13. Rad1 e6 14. Ne5 Nxe4 15. Bxe4 Nxe5 16. dxe5 Bxe5 17. h4 Bg7 18. h5 c5 19. h6 Bf8 20. Qa4 Bxe4 21. Rxe4 Bd6 22. Re2 a6 23. Red2 b5 24. Qe4 Bf8 25. Rd7 Qb6 26. Rb7 Qa5 27. Rdd7 f6 28. Qf4 1-0


[Site "https://www.chess.com"]